 Dungeon Sprint DCSS version 0.28-a0-390-gb254ac4902 (webtiles) character file.

Game seed: 8202482207518384594

26 jt the Chopper (level 3, -1/51 HPs)
             Began as a Naga Cinder Acolyte on Sept 4, 2021.
             Was a High Priest of Ignis.
             Slain by an ogre (13 damage)
             ... in the Dungeon (Sprint I: "Red Sonja").
             The game lasted 00:00:31 (257 turns).

jt the Chopper (Naga Cinder Acolyte)                 Turns: 257, Time: 00:00:32

Health: -1/51      AC:  2    Str: 17    XL:     3   Next: 8%
Magic:  2/4        EV:  9    Int: 14    God:    Ignis [*****.]
Gold:   0          SH:  0    Dex:  6    Spells: 2/4 levels left

rFire   + . .      SeeInvis +   a - -1 hand axe (flame)
rCold   . . .      Faith    .   (no shield)
rNeg    . . .      Spirit   .   b - +0 robe
rPois   +          Reflect  .   (no helmet)
rElec   .          Harm     .   (no cloak)
rCorr   .          Rampage  .   (no gloves)
Will    .....      NoTele   +   (no barding)
Stlth   ..........              (no amulet)
HPRegen 0.17/turn               (no ring)
MPRegen 0.09/turn               (no ring)

@: berserking, quick
A: AC +1, large, see invisible, deformed body, poison resistance, slowness 2,
spit poison 1, naga tail 1
a: Spit Poison, Renounce Religion, Sea of Fire, Foxfire Swarm, Rising Flame


You were in the Dungeon.
You worshipped Ignis.
Ignis was extremely pleased with you.
You visited 1 branch

Inventory:

Hand Weapons
 a - a -1 hand axe of flaming (weapon)
Armour
 b - a +0 robe (worn)
Wands
 i - a wand of flame (14)
Scrolls
 h - a scroll of blinking
Potions
 c - a potion of curing
 d - a potion of heal wounds
 e - a potion of haste
 f - 2 potions of magic


   Skills:
 - Level 3.0 Fighting
 + Level 6.6 Axes
 - Level 1.0 Spellcasting
 - Level 3.0 Fire Magic


You had 2 spell levels left.
You knew the following spells:

 Your Spells              Type           Power      Damage    Failure   Level
a - Scorch                Fire           18%        2d5       12%         2

Your spell library contained the following spells:

 Spells                   Type           Power      Damage    Failure   Level


Dungeon Overview and Level Annotations

Branches:
Dungeon (1/1)

Altars:


Innate Abilities, Weirdness & Mutations

Your serpentine skin is tough. (AC +1)
You have supernaturally acute eyesight. (SInv)
Armour fits poorly on your strangely shaped body.
Your system is resistant to poisons. (rPois)
You cover ground very slowly.
You can spit poison.
You have a snake-like lower body.


Message History

i - a wand of flame (14)
Things that are here:
a +0 dagger; a +0 ring mail Memorise Scorch, consuming 2 spell levels and leaving 2?
You start memorising the spell.
You continue memorising. x2
You finish memorising.
Spell assigned to 'a'.
Things that are here:
a +0 dagger; a +0 ring mail You start resting.
HP restored.
There is an open door here.
You open the door.
An ogre comes into view. It is wielding a +0 giant club.
The ogre shouts!
Press: ? - help, Shift-Dir - straight line, f - ogre
Aim: an ogre, wielding a +0 giant club The splash of poison hits the ogre.
The ogre is poisoned.
The ogre is lightly wounded.
Casting: Scorch (safe; 12% risk of failure)
Confirm with . or Enter, or press ? or * to list all spells.
Flames lash the ogre.
The ogre is moderately wounded.
The ogre's fire resistance burns away.
The ogre hits you with a +0 giant club!!
Ouch! That really hurt!
* * * LOW HITPOINT WARNING * * *
There is an open door, spattered with blood here.
Press: ? - help, v - describe, . - travel
Here: an ogre, wielding a +0 giant club (moderately wounded, poisoned, more vulnerable to fire)
The floor.
The ogre is no longer more vulnerable to fire.
Things that are here:
a +0 dagger; a +0 ring mail You have got your breath back.
The ogre looks more healthy.
Okay, then.
A red film seems to cover your vision as you go berserk!
You feel yourself moving faster!
You feel mighty! The ogre hits you with a +0 giant club!
You die...

##########
#<.#..'..#
#..'..#..+
#.O#### #
#@.# #..#
#..# #⌠⌠#
####


You could see an ogre.

Vanquished Creatures
  Ijyb (D)
1 creature vanquished.

Vanquished Creatures (others)
  16 foxfires (D)
16 creatures vanquished.

Grand Total: 17 creatures vanquished

Notes
Turn   | Place    | Note
-------+----------+-------------------------------------------
     0 | D        | jt the Naga Cinder Acolyte began the quest for the Orb.
     0 | D        | Reached XP level 1. HP: 21/21 MP: 2/2
     2 | D        | Noticed Ijyb
    11 | D        | Killed Ijyb
    12 | D        | Reached skill level 6 in Axes
    12 | D        | Reached XP level 2. HP: 6/28 MP: 3/3
    12 | D        | Reached XP level 3. HP: 8/34 MP: 4/4
    17 | D        | Learned a level 2 spell: Scorch
   251 | D        | Noticed an ogre
   257 | D        | Slain by an ogre

Illustrated notes

Levels and vault maps discovered:
D:        dungeon_sprint_1 [red_sonja_temple_1, red_sonja_temple_small_1]

Skill      XL: |  1 |
---------------+----+-----
Axes           | 6 |  6.6
Fighting       | |  3.0
Spellcasting   | |  1.0
Fire Magic     | |  3.0

Action                   || total
-------------------------++-------
Melee: Hand axe          ||     3
 Cast: Scorch            ||     1
Invok: Foxfire Swarm     ||     2
 Abil: Spit Poison       ||     3
  Use: Potion            ||     1
Dodge: Dodged            ||     1

Table legend: (Time is in decaauts)
 A = Elapsed time spent in this place.
 B = Non-inter-level travel time spent in this place.
 C = Inter-level travel time spent in this place.
 D = Time resting spent in this place.
 E = Time spent auto-exploring this place.
 F = Levels seen in this place.
 G = Mean time per level.
                   A        B        C        D        E       F      G
               +--------+--------+--------+--------+--------+-----+--------+
         Total |    262 |    262 |      0 |    228 |      0 |   1 |  262.0 |
       Dungeon |    262 |    262 |      0 |    228 |      0 |   1 |  262.0 |
               +--------+--------+--------+--------+--------+-----+--------+

Top non-repeatable levels by time:
       D: 262 daAuts
